 Dungeon Crawl Stone Soup version 0.20-b1-24-gb21faa7 (webtiles) character file.

1337 Gorglomux the Ruffian (level 8, -5/79 HPs)
             Began as a Troll Fighter on May 25, 2017.
             Was a Follower of Makhleb.
             Slain by an orc warrior
             ... wielding a +0 trident
              (21 damage)
             ... on level 8 of the Dungeon.
             The game lasted 00:03:11 (3781 turns).

Gorglomux the Ruffian (Troll Fighter)               Turns: 3781, Time: 00:03:12

Health: -5/79      AC:  9    Str: 25    XL:     8   Next: 35%
Magic:  7/7        EV: 10    Int:  4    God:    Makhleb [*.....]
Gold:   195        SH: 10    Dex: 11    Spells: 7/7 levels left

rFire    . . .     SeeInvis .     - Unarmed
rCold    . . .     Gourm    +   b - +0 shield
rNeg     . . .     Faith    .   q - +0 troll leather armour
rPois    .         Spirit   .   (helmet restricted)
rElec    .         Reflect  .   (no cloak)
rCorr    .         Harm     .   (gloves unavailable)
MR       .....     Rnd*Tele +   (boots unavailable)
Stlth    +.........             (no amulet)
Regen    1.1/turn               (no ring)
MPRegen  0.1/turn               (no ring)

@: lethally poisoned (-5 -> -6)
A: unfitting armour, antennae 1, claws 3, yellow scales 1, fast metabolism 3,
gourmand, regeneration 1, shaggy fur 1, teleportitis 1, tough skin 2
a: Renounce Religion


You were on level 8 of the Dungeon.
You worshipped Makhleb.
Makhleb was aware of your devotion.
You were very full.

You visited 2 branches of the dungeon, and saw 7 of its levels.

You collected 195 gold pieces.

Inventory:

Armour
 a - a +0 robe
 b - a +0 shield (worn)
 q - a +0 troll leather armour (worn)
Jewellery
 y - an uncursed ring of positive energy {unknown}
 z - an uncursed ring of protection from fire {unknown}
Scrolls
 e - a scroll of remove curse {unknown}
 g - 4 scrolls of recharging {unknown}
 l - 3 scrolls of teleportation {unknown}
 n - a scroll of enchant armour {unknown}
 r - a scroll of blinking {unknown}
 t - a scroll of amnesia {unknown}
 x - a scroll of identify {unknown}
 C - a scroll of holy word {unknown}
Potions
 c - 3 potions of might
 h - 3 potions of mutation
 j - a potion of flight {unknown}
 k - 3 potions of lignification {unknown}
 s - 3 potions of magic {unknown}
 w - 2 potions of agility {unknown}
 Q - a potion of curing
Books
 u - a book of Air

   Spells                             Type                      Level
   a - Shock                          Conjuration/Air              1
   b - Swiftness                      Charms/Air                   2
   c - Static Discharge               Conjuration/Air              3
   d - Airstrike                      Air                          4
   e - Lightning Bolt                 Conjuration/Air              5
 A - a book of Cantrips

   Spells                             Type                      Level
   a - Confusing Touch                Hexes                        1
   b - Animate Skeleton               Necromancy                   1
   c - Summon Small Mammal            Summoning                    1
   d - Apportation                    Translocation                1
Comestibles
 d - 3 bread rations
 p - a royal jelly
 B - 3 chunks of flesh


   Skills:
 + Level 4.8 Fighting
 + Level 5.0 Dodging
 + Level 4.9 Shields
 + Level 5.2 Unarmed Combat


You had 7 spell levels left.
You didn't know any spells.

Dungeon Overview and Level Annotations

Branches:
Dungeon (8/15)             Temple (1/1) D:6
   Lair: D:8-11

Altars:
Ashenzari
Cheibriados
Dithmenos
Elyvilon
Fedhas
Gozag
Kikubaaqudgha
Makhleb
Nemelex Xobeh
Okawaru
Qazlal
Ru
Sif Muna
Trog
Uskayaw
Vehumet
Xom
Yredelemnul
Zin


Innate Abilities, Weirdness & Mutations

You are too large for most types of armour.
You have claws for hands.
Your metabolism is lightning-fast.
You like to eat raw meat.
Your natural rate of healing is unusually fast.
You are covered in fur. (AC +1)
You have very tough skin. (AC +2)
You have a pair of small antennae on your head.
You are partially covered in yellow scales. (AC +2)
You are occasionally teleported next to monsters.


Message History

You feel better. The killer bee stings you.
* * * LOW HITPOINT WARNING * * *
You are poisoned.
The killer bee poisons you! You block the killer bee's attack.
You miss the killer bee.
The killer bee is moderately wounded.
You feel sick. The killer bee closely misses you.
The killer bee barely misses you. You block the orc warrior's attack.
You closely miss the killer bee.
The killer bee is moderately wounded.
You feel sick. You block the killer bee's attack.
The killer bee stings you but does no damage.
The orc warrior barely misses you.
You closely miss the killer bee.
The killer bee is moderately wounded.
The killer bee stings you.
* * * LOW HITPOINT WARNING * * *
You block the killer bee's attack.
The orc warrior hits you from afar with a trident!!
You die...

######### #........
###........
#..........
##.........
###########.#/...#.#
#..@......#.#.##.#.#
##y######.#.#.##.#.#
#o{{# #.#......#.#
###o# #.###.####.#
#o# #.....#..... #.#
#######.##.. #.# #..
#..... #o# #.#
#..... #o# #.#
#.###.


You could see an orc warrior and a killer bee.

Vanquished Creatures
  The ghost of SedStubbie the Skirmisher, an amateur BaBe of Trog (D:3)
  2 orc warriors (D:8)
  An ice beast (D:6)
  A centaur (D:6)
  3 bullfrogs (D:6)
  An electric eel (D:8)
  A quasit (D:6)
  2 hounds
  3 orc priests
  A bullfrog skeleton (D:6)
  2 worker ants (D:6)
  An orc wizard (D:8)
  A killer bee zombie (D:8)
  2 hound zombies
  3 gnolls (D:2)
  10 adders
  An ooze (D:1)
  A worm (D:2)
  3 dart slugs
  4 leopard geckos
  16 orcs
  3 bats
  A giant cockroach (D:2)
  4 goblins
  5 hobgoblins
  7 kobolds
  A quokka (D:2)
  A ball python (D:2)
  4 frilled lizards
  A giant cockroach zombie (D:3)
  12 rats
99 creatures vanquished.

Notes
Turn   | Place    | Note
-------+----------+-------------------------------------------
     0 | D:1      | Gorglomux the Troll Fighter began the quest for the Orb.
     0 | D:1      | Reached XP level 1. HP: 22/22 MP: 0/0
    37 | D:1      | Reached XP level 2. HP: 28/29 MP: 1/1
   251 | D:1      | Reached XP level 3. HP: 27/36 MP: 2/2
   544 | D:2      | Found a snail-covered altar of Cheibriados.
   789 | D:2      | Reached skill level 3 in Fighting
   863 | D:2      | Reached skill level 3 in Shields
   863 | D:2      | Reached XP level 4. HP: 34/45 MP: 3/3
  1449 | D:2      | Found a sparkling altar of Nemelex Xobeh.
  1662 | D:3      | Reached skill level 3 in Dodging
  1683 | D:3      | Found a white marble altar of Elyvilon.
  1724 | D:3      | Noticed SedStubbie's ghost (amateur BaBe)
  1742 | D:3      | Killed SedStubbie's ghost
  1742 | D:3      | Reached skill level 3 in Unarmed Combat
  1742 | D:3      | Reached XP level 5. HP: 42/54 MP: 4/4
  1742 | D:3      | Reached XP level 6. HP: 48/62 MP: 5/5
  1889 | D:3      | You fall through a shaft for 3 floors!
  1889 | D:6      | Noticed an ice beast
  1897 | D:6      | Killed an ice beast
  2073 | D:6      | Found a blossoming altar of Fedhas.
  2199 | D:6      | Reached XP level 7. HP: 51/70 MP: 6/6
  2237 | D:6      | Found a staircase to the Ecumenical Temple.
  2289 | Temple   | Entered the Ecumenical Temple
  2497 | Temple   | Became a worshipper of Makhleb the Destroyer
  3498 | D:8      | Reached XP level 8. HP: 77/79 MP: 7/7
  3715 | D:8      | Reached * piety under Makhleb
  3773 | D:8      | Gained mutation: You are occasionally teleported next to monsters. [potion of mutation]
  3773 | D:8      | Gained mutation: You have a pair of small antennae on your head. [potion of mutation]
  3773 | D:8      | Gained mutation: You are partially covered in yellow scales. (AC +2) [potion of mutation]
  3781 | D:8      | Slain by an orc warrior

Skill      XL: |  1  2  3  4  5  6  7  8 |
---------------+-------------------------+-----
Fighting       | 3 4 |  4.8
Shields        | 3 4 |  4.9
Dodging        | 3 4 5 |  5.0
Unarmed Combat | 3 4 5 |  5.2

Action                   |  1- 3 |  4- 6 |  7- 9 || total
-------------------------+-------+-------+-------++-------
Melee: Unarmed           |   111 |    96 |   156 ||   363
  Use: Potion            |       |       |     3 ||     3
 Stab: Sleeping          |     1 |       |       ||     1
  Eat: Chunk             |    14 |     9 |    17 ||    40
Armor: Robe              |    28 |    10 |       ||    38
       Troll leather arm |       |    15 |    54 ||    69
Dodge: Dodged            |    35 |    40 |    75 ||   150
Block: Shield            |    52 |    40 |    95 ||   187
